 Dungeon Crawl Stone Soup version 0.16-a0-3992-g631dd12 (webtiles) character file.

87 timbw the Caller (level 4, 18/18 HPs)
             Began as a Felid Summoner on Feb 12, 2015.
             Quit the game on level 5 of the Dungeon.
             The game lasted 00:07:11 (1229 turns).

timbw the Caller (Felid Summoner)                   Turns: 1229, Time: 00:07:11

Health: 18/18      AC:  3    Str:  4    XL:     4   Next: 28%
Magic:  14/14      EV: 18    Int: 18    God:
Gold:   85         SH:  0    Dex: 16    Spells: 4 memorised, 1 level left
                                        Lives:  0   Deaths: 1

rFire  . . .     SeeInvis +     (weapon unavailable)
rCold  . . .     Clarity  .     (armour unavailable)
rNeg   . . .     SustAb   .     (shield unavailable)
rPois  .         Gourm    .     (helmet unavailable)
rElec  .         Spirit   .     (cloak unavailable)
rCorr  .         Warding  .     (gloves unavailable)
rMut   .         Stasis   .     (boots unavailable)
MR     .....                    (no amulet)
Stlth  +++.......               (no ring)
                                (no ring)

@: quick, not resistant to hostile enchantments, fairly stealthy
A: paw claws, no armour, no weapons or thrown items, fangs 3, thin metallic
scales 1, see invisible, carnivore 3, speed 1, shaggy fur 1, slow metabolism 1,
sharp paws
a: no special abilities


You were on level 5 of the Dungeon.
You were not hungry.

You visited 1 branch of the dungeon, and saw 5 of its levels.

You collected 85 gold pieces.

Inventory:

Scrolls
 d - a scroll of identify
 h - a scroll of remove curse
 i - 3 scrolls of enchant armour
 l - a scroll of teleportation {unknown}
Potions
 e - a potion of restore abilities
 g - a potion of lignification
 j - a potion of heal wounds
 k - a potion of ambrosia {unknown}
Books
 b - a book of Callings

   Spells                             Type                      Level
   a - Summon Small Mammal            Summoning                    1
   b - Call Imp                       Summoning                    2
   c - Call Canine Familiar           Summoning                    3
   d - Summon Guardian Golem          Hexes/Summoning              4
   e - Summon Lightning Spire         Summoning/Air                4
   f - Summon Ice Beast               Ice/Summoning                4
Comestibles
 a - a beef jerky
 c - a meat ration
 f - 6 chunks of flesh


   Skills:
 - Level 2.6 Dodging
 - Level 2.6 Stealth
 + Level 4.0 Spellcasting
 + Level 5.3 Summonings


You had one spell level left.
You knew the following spells:

 Your Spells              Type           Power        Failure   Level  Hunger
a - Summon Small Mammal   Summ           ###.         1%          1    None
b - Call Imp              Summ           ###.....     2%          2    ##.....
c - Call Canine Familiar  Summ           ###.....     6%          3    ###....
d - Summon Lightning Spi  Summ/Air       ##......     54%         4    ####...


Dungeon Overview and Level Annotations

Branches:
Dungeon (5/15)
 Temple: D:4-7

Altars:
Ru


Innate Abilities, Weirdness & Mutations

You cannot wear armour.
You are incapable of wielding weapons or throwing items.
You have razor-sharp teeth.
You have supernaturally acute eyesight.
You are carnivorous and can eat meat at any time.
You cover ground quickly.
You are covered in fur (AC +1).
You have a slow metabolism.
Your paws have sharp claws that are effective at stabbing.
You are partially covered in thin metallic scales (AC +2).


Message History

You see here an arrow.
Casting: Call Canine Familiar
Confirm with . or Enter, or press ? or * to list all spells.
The spell is very dangerous to cast!
Continue anyway?
Aiming: Summon Lightning Spire
Press: ? - help, Dir - move target cursor An electric hum fills the air.
The centaur shoots an arrow.
The arrow hits your hound!
Your hound dies!
Your hound's corpse disappears in a puff of smoke!
Casting: Summon Lightning Spire
Confirm with . or Enter, or press ? or * to list all spells.
The centaur shoots an arrow.
The arrow hits you!
* * * LOW HITPOINT WARNING * * *
The centaur shoots an arrow.
The arrow hits you!
You die...
You are now level 4!
You rejoin the land of the living...
Unknown command.
Are you sure you want to abandon this character and quit the game? (Confirm with "yes".)

#...........(...................
#..##...#.####.####.#..#.......#
#. ##.##.####.####.#..#.......#
#.......#.†.......#.......#
#.......#.#.....[.........#
###.......#.#.##.##.####.....
............#.##.# ####.#
#.......#.#.# #.. #.........@.##
### #..............#
#####.##....#### #.###.#.#
####.###.#.# #..........#
#.#...##.### # #......###
.#........#


There were no monsters in sight!

Vanquished Creatures
  A bat (D:1)
  A kobold (D:4)
  A giant newt (D:3)
3 creatures vanquished.

Vanquished Creatures (collateral kills)
  A centaur (D:5)
  A scorpion (D:4)
  A giant frog skeleton (D:4)
  An orc wizard (D:4)
  2 worker ants (D:4)
  3 gnolls (D:5)
  2 adders (D:2)
  A giant mite (D:2)
  A worm (D:3)
  A giant gecko (D:3)
  4 orcs (D:3)
  2 bats
  3 giant cockroaches
  3 goblins
  2 hobgoblins
  A jackal (D:4)
  2 ball pythons
  A giant newt (D:4)
  2 kobolds
  6 rats
40 creatures vanquished.

Vanquished Creatures (others)
  4 hounds
  A shadow imp (D:3)
  A white imp (D:5)
  A quokka (D:1)
  5 bats
  7 rats
19 creatures vanquished.

Grand Total: 62 creatures vanquished

Notes
Turn   | Place    | Note
--------------------------------------------------------------
     0 | D:1      | timbw, the Felid Summoner, began the quest for the Orb.
     0 | D:1      | Reached XP level 1. HP: 7/7 MP: 4/4
   314 | D:2      | Reached XP level 2. HP: 9/11 MP: 1/6
   358 | D:2      | Learned a level 2 spell: Call Imp
   526 | D:3      | Reached XP level 3. HP: 14/14 MP: 0/8
   540 | D:3      | Learned a level 3 spell: Call Canine Familiar
   666 | D:4      | Found a sacrificial altar of Ru.
   883 | D:4      | Reached XP level 4. HP: 15/18 MP: 2/12
   953 | D:4      | Noticed a scorpion
   979 | D:4      | Killed a scorpion
   979 | D:4      | Reached skill level 5 in Summonings
  1027 | D:5      | Entered Level 5 of the Dungeon
  1048 | D:5      | Reached XP level 5. HP: 21/21 MP: 5/15
  1062 | D:5      | Learned a level 4 spell: Summon Lightning Spire
  1075 | D:5      | Noticed a centaur
  1089 | D:5      | Killed a centaur
  1159 | D:5      | Gained mutation: You are partially covered in thin metallic scales (AC +2). [potion of beneficial mutation]
  1223 | D:5      | Noticed a centaur
  1228 | D:5      | Shot with an arrow by a centaur
  1229 | D:5      | Reached XP level 4. HP: -7/18 MP: 5/14
  1229 | D:5      | Quit the game

Action                   |  1- 3 |  4- 6 || total
-------------------------+-------+-------++-------
Melee: Unarmed           |    15 |     5 ||    20
 Cast: Summon Small Mamm |    28 |       ||    28
       Call Imp          |    13 |     4 ||    17
       Call Canine Famil |     5 |     7 ||    12
       Summon Lightning  |       |     2 ||     2
  Use: Potion            |     3 |     1 ||     4
       Scroll            |     1 |     5 ||     6
  Eat: Chunk             |     6 |     4 ||    10
